[Event "*** Titled Tuesday Blitz"]
[Site "Chess.com"]
[Date "2021.04.06"]
[Round "6"]
[White "krasavetc"]
[Black "Gerodot71"]
[Result "1-0"]
[WhiteElo "2395"]
[BlackElo "2548"]
[TimeControl "180+1"]
[EndTime "11:08:33 PDT"]
[Termination "krasavetc won by resignation"]

1. e4 e5 2. Nf3 Nc6 3. Bb5 a6 4.
Bxc6 dxc6 5. d4 exd4 6. Qxd4 Qxd4 7.
Nxd4 Bd7 8. Nc3 O-O-O 9. Be3 c5 10. Nde2 b6 11. f3 a5 12. Kf2 Bc6 13. Rad1 Nf6 14.
Nf4 Be7 15. h4 Rhe8 16. h5 Bf8 17. g4 h6 18. Rxd8+ Rxd8 19. Rd1 Rxd1 20. Nxd1 Nd7 21. Bd2 Ne5 22. Ne3 Bd7 23. Nfd5 Nc6 24. c3 a4 25. f4 Be6 26. Kf3 b5 27. a3 Na5 28. f5 Bd7 29. e5 Nb3 30. Be1 Nc1 31.
Nf4 Bc6+ 32. Kg3 Be7 33. Bd2 Nb3 34. Nf1 Bg5 35. Be3 Be7 36. Nd2 b4 37. Nxb3 bxa3 38.
bxa3 axb3 39. Nd3 c4 40. Nb2 Bxa3 41. Nxc4 b2 42. Nxa3 Be4 43. Kf4 b1=Q 44. Nxb1 Bxb1 45. Bc5 g6 46. hxg6 fxg6 47. e6 h5 48. f6 Ba2 49. f7 1-0

[Event "*** Titled Tuesday Blitz"]
[Site "Chess.com"]
[Date "2021.04.06"]
[Round "6"]
[White "goofypenguin96"]
[Black "AAponteR"]
[Result "1-0"]
[WhiteElo "2383"]
[BlackElo "2153"]
[TimeControl "180+1"]
[EndTime "11:08:34 PDT"]
[Termination "goofypenguin96 won on time"]

1. e4 c6 2. d4 d5 3. e5 c5 4.
dxc5 e6 5. a3 Bxc5 6. b4 Bb6 7. Nf3 Ne7 8. Bd3 Ng6 9. Qe2 a5 10.
b5 Nd7 11. h4 a4 12. h5 Ne7 13. h6 g6 14. Bg5 O-O 15. Nbd2 f6 16. exf6 Nxf6 17. Qe5 Bc7 18. Qb2 Nf5 19. g4 Nd6 20.
O-O-O Nde8 21. Ne5 Bd6 22. Rde1 Qe7 23. Nb1 b6 24. f4 Ra7 25. Nc6 Qc7 26. Nxa7 Qxa7 27. f5 e5 28. fxg6 e4 29. g7 Rf7 30. Rhf1 Qe7 31.
Bh4 Be5 32. Qb4 Bd6 33. Qxa4 Bxg4 34. Be2 Be6 35. Bh5 Qc7 36. Bxf7+ Qxf7 37. Bxf6 Nxf6 38. Qa8+ Ne8 39. Rxf7 Bxf7 40. Rf1 1-0

[Event "*** Titled Tuesday Blitz"]
[Site "Chess.com"]
[Date "2021.04.06"]
[Round "6"]
[White "rachidhuilda"]
[Black "korkmaz16"]
[Result "1-0"]
[WhiteElo "2275"]
[BlackElo "2416"]
[TimeControl "180+1"]
[EndTime "11:08:35 PDT"]
[Termination "rachidhuilda won by resignation"]

1. d4 d5 2. Nf3 Nf6 3. c4 c6 4. Nc3 e6 5. Bg5 Nbd7 6. e3 Qa5 7. Bxf6 Nxf6 8. Qc2 Bb4 9. Bd3 dxc4 10. Bxc4 O-O 11. O-O c5 12. a3 Bxc3 13. Qxc3 Qc7 14. dxc5 Qxc5 15. Rac1 b6 16. Be2 Qxc3 17. Rxc3 Bb7 18. Rc7 Rab8 19. Rfc1 Nd5 20. Rd7 Rfd8 21. Rxd8+ Rxd8 22. h3 f6 23. Nd4 e5 24. Nf5 g6 25. Ng3 f5 26. Bc4 Rd7 27. e4 fxe4 28. Nxe4 Kg7 29. Bxd5 Bxd5 30. Nc3 Bb3 31. Ne4 Rd1+ 32. Rxd1 Bxd1 33.
f3 Kf7 34. Kf2 Bc2 35. Ke3 h6 36. Nd6+ Ke7 37. Nb5 a6 38. Nc7 a5 39. Nd5+ Kd6 40. Nxb6 Bb3 41. Kd3 Kc5 42. Nd7+ Kd6 43. Nf6 Kc5 44. Ng4 Kd5 45. Nxh6 Bc4+ 46. Ke3 Bf1 47. Kf2 Bd3 48. b4 a4 49. Ke3 Kc4 50. Ng4 Bf1 51. Kf2 Bd3 52. Nxe5+ Kd4 53. Nxd3 Kxd3 54. Kg3 Kc4 55. Kg4 Kb3 56. b5 Kxa3 57.
b6 Ka2 58. b7 a3 59. b8=Q g5 60. Qb4 Ka1 61. Qxa3+ 1-0

[Event "*** Titled Tuesday Blitz"]
[Site "Chess.com"]
[Date "2021.04.06"]
[Round "6"]
[White "Slovak_fighter2000"]
[Black "joejan"]
[Result "1-0"]
[WhiteElo "2491"]
[BlackElo "2287"]
[TimeControl "180+1"]
[EndTime "11:08:36 PDT"]
[Termination "Slovak_fighter2000 won by checkmate"]

1. d4 Nf6 2. Nf3 g6 3. c4 Bg7 4.
Nc3 d6 5. e4 O-O 6. Be2 e5 7. Be3 Nc6 8. d5 Ne7 9. Nd2 Nd7 10. b4 f5 11. f3 f4 12. Bf2 b6 13.
Nb3 g5 14. c5 bxc5 15. bxc5 h5 16. cxd6 cxd6 17. Nb5 Nf6 18. Nxa7 Bd7 19. Rc1 g4 20. Nc6 Qe8 21. Nxe7+ Qxe7 22. Ra1 Bh6 23. O-O Kh8 24.
Bh4 Rg8 25. Kh1 Bg5 26. Qe1 Nxe4 27. Bxg5 Nxg5 28. Qh4 Qh7 29. Rfd1 e4 30. fxe4 Nxe4 31. Bd3 Bf5 32. Nd4 Bg6 33. Ne6 Ra3 34. Bxe4 Bxe4 35.
Qf6+ Rg7 36. Nxg7 Qxg7 37. Qxf4 Bxd5 38. Rf1 Rxa2 39. Rxa2 Bxa2 40. Qxd6 Bf7 41. Qe7 Kg8 42. Qd8+ Kh7 43. Qf6 Qxf6 44. Rxf6 Kg7 45. Rf4 Be6 46. Kg1 Kg6 47. Kf2 Kg5 48. g3 Bd7 49. Ke3 Be6 50. Kd4 h4 51. Ke5 hxg3 52. hxg3 Bd7 53. Rf7 Bc8 54. Rg7+ Kh6 55. Kf6 Kh5 56. Rh7# 1-0

[Event "*** Titled Tuesday Blitz"]
[Site "Chess.com"]
[Date "2021.04.06"]
[Round "6"]
[White "onnoelgersma"]
[Black "Grineva_Marianna"]
[Result "1/2-1/2"]
[WhiteElo "2418"]
[BlackElo "2261"]
[TimeControl "180+1"]
[EndTime "11:08:37 PDT"]
[Termination "Game drawn by repetition"]

1. d4 d6 2. Nf3 Nd7 3. Bg5 h6 4. Bh4 g5 5. Bg3 Bg7 6. e4 Nf8 7. c4 Ne6 8. h3 c5 9. d5 Bxb2 10. dxe6 Bxa1 11. exf7+ Kxf7 12. Bd3 Qa5+ 13. Nbd2 Qxa2 14. O-O Bf6 15. e5 dxe5 16. Nxe5+ Bxe5 17. Bxe5 Nf6 18. Bxf6 exf6 19. Qh5+ Kf8 20. Qg6 Qxd2 21. Qxf6+ Ke8 22. Qxh8+ Kd7 23. Qg7+ Kd6 24. Qf6+ Kc7 25.
Qe7+ Bd7 26. Qxc5+ Bc6 27. Qe5+ Kd8 28. Qd6+ Bd7 29. Qf8+ Kc7 30. Qc5+ Kd8 31. Be4 Rc8 32. Qe5 Rxc4 33. Bxb7 Rc2 34. Bf3 Rc1 35. Qh8+ Kc7 36. Qe5+ Kd8 37. Qb8+ Ke7 38. Qe5+ Be6 39. Qg7+ Kd6 40. Qf8+ Kc7 41. Qe7+ Bd7 42. Qe5+ Kb6 43.
Qf6+ Kc7 44. Qe5+ 1/2-1/2

[Event "*** Titled Tuesday Blitz"]
[Site "Chess.com"]
[Date "2021.04.06"]
[Round "6"]
[White "ahmad_alkhatib11"]
[Black "AttackSparrow"]
[Result "0-1"]
[WhiteElo "2282"]
[BlackElo "2531"]
[TimeControl "180+1"]
[EndTime "11:08:37 PDT"]
[Termination "AttackSparrow won by resignation"]

1. d4 Nf6 2. Nf3 c5 3. d5 g6 4. Nc3 Bg7 5. e4 O-O 6. e5 Ng4 7. Bf4 d6 8. Qe2 Qb6 9. O-O-O Nd7 10. e6 Nde5 11. exf7+ Rxf7 12. Bd2 Nxf3 13. gxf3 Ne5 14. Bg2 Qb4 15. a3 Qc4 16. Qxc4 Nxc4 17. Rde1 b5 18.
Re2 b4 19. axb4 cxb4 20. Nd1 Ba6 21. Re4 Rc8 22. Rhe1 Rc7 23. Bh3 Bc8 24. Bxc8 Rxc8 25. Rxe7 Rxf3 26. Re8+ Rxe8 27. Rxe8+ Kf7 28. Re2 b3 29. cxb3 Rxb3 30. Bc3 Bh6+ 31. Kc2 Rb5 32. Ne3 Bxe3 33. fxe3 Rxd5 34. Rf2+ Ke7 35. Re2 Ne5 36. e4 Rb5 37. Bxe5 Rxe5 38. Kd3 Ke6 39. Rc2 a5 40. Rc7 h5 41. Rg7 Kf6 42. Rd7 Ke6 43. Rg7 Rg5 44. Ke3 Rg2 45. b3 Kf6 46. Rd7 Ke6 47.
Rg7 h4 48. Kf3 h3 49. Rh7 Rb2 50. Rg7 Kf6 51. Rd7 Rxb3+ 52. Kg4 Ke6 53. Rg7 Kf6 54. Rd7 Rd3 55. Ra7 Ke5 56. Re7+ Kd4 57. Ra7 Kxe4 58. Rxa5 d5 59. Ra4+ d4 60. Ra6 Rd2 61. Re6+ Kd5 62. Rf6 Rxh2 63. Kg3 Rh1 64. Rf2 h2 65. Kg2 Re1 66.
Kxh2 d3 67. Kg3 Kd4 68. Kf3 Re7 69. Rg2 Rf7+ 70. Kg4 Kc3 71. Rg3 Kc2 72. Kg5 d2 0-1

[Event "*** Titled Tuesday Blitz"]
[Site "Chess.com"]
[Date "2021.04.06"]
[Round "6"]
[White "jd001"]
[Black "DFeco"]
[Result "0-1"]
[WhiteElo "2159"]
[BlackElo "2325"]
[TimeControl "180+1"]
[EndTime "11:08:37 PDT"]
[Termination "DFeco won by resignation"]

1. d4 d5 2. c4 c6 3. Nc3 Nf6 4. Nf3 a6 5. c5 Bf5 6. Bf4 Nbd7 7. b4 e6 8. g3 Be7 9. Bg2 h6 10. h4 O-O 11. O-O Qc8 12. a4 Bd8 13. b5 Bc7 14.
Bxc7 Qxc7 15. bxc6 bxc6 16. Qd2 a5 17. e3 Rfb8 18. Ra2 Rb7 19. Ne1 e5 20. Nd3 exd4 21. exd4 Rab8 22. Re1 Nf8 23. Ne5 Ne6 24. f3 Rb4 25. Ne2 Nxc5 26. g4 Nb3 27. Qc3 Be6 28.
Qxc6 Qa7 29. Qc3 Nxd4 30. Nxd4 Rxd4 31. Nc6 Rc4+ 32. Nxa7 Rxc3 33. g5 Nh5 34. g6 Nf4 35.
gxf7+ Bxf7 36. Nb5 Rc6 37. Rd2 Rg6 38. Kh2 Nxg2 39.
Rxg2 Rxg2+ 40. Kxg2 Be8 41. Nd6 Bxa4 42. Ra1 Rb4 43.
Kg3 d4 44. Nf5 d3 45. Ra2 Bc2 46. Kf2 d2 47. Rxc2 d1=Q 48. Re2 Rb1 49. Re7 Qc2+ 0-1

[Event "*** Titled Tuesday Blitz"]
[Site "Chess.com"]
[Date "2021.04.06"]
[Round "6"]
[White "Korchmar_Vasiliy"]
[Black "Murad_Ibrahimli"]
[Result "0-1"]
[WhiteElo "2667"]
[BlackElo "2832"]
[TimeControl "180+1"]
[EndTime "11:08:40 PDT"]
[Termination "Murad_Ibrahimli won by resignation"]

1. d4 Nf6 2. Nf3 e6 3. Bf4 b6 4. e3 Bb7 5. Nbd2 Be7 6. h3 c5 7. c3 cxd4 8. cxd4 O-O 9. a3 Nc6 10. Bd3 Nd5 11. Bg3 f5 12. O-O f4 13. exf4 Nxf4 14. Be4 Nh5 15. Bh2 Nf6 16. Bd3 Rc8 17. Re1 Nd5 18. Ne4 Rxf3 19. Qxf3 Nxd4 20. Qh5 g6 21. Qh6 Nf5 22. Qd2 Nf6 23. Rad1 Bd5 24.
Be5 Qf8 25. Bb1 Nxe4 26. Bxe4 Bxe4 27. Rxe4 d5 28. Ree1 a5 29. Rc1 Bc5 30. b4 axb4 31. axb4 Be7 32. Rxc8 Qxc8 33. Rc1 Qa6 34. Rc7 Qa3 35.
g4 Nh4 36. Qh6 Nf3+ 37. Kg2 Nxe5 38. Rc8+ Kf7 39. Qxh7+ Kf6 40. Qh8+ Kf7 41. Qxe5 Qxb4 42. Rh8 Qe4+ 43. Qxe4 dxe4 44. Rb8 Bc5 45. Kg3 Kf6 46.
Kf4 Bd6+ 0-1

[Event "*** Titled Tuesday Blitz"]
[Site "Chess.com"]
[Date "2021.04.06"]
[Round "6"]
[White "anasta10"]
[Black "Vugar_Manafov"]
[Result "1-0"]
[WhiteElo "2539"]
[BlackElo "2669"]
[TimeControl "180+1"]
[EndTime "11:08:40 PDT"]
[Termination "anasta10 won by checkmate"]

1. d4 Nf6 2. c4 e6 3. Nc3 Bb4 4. Nf3 O-O 5. g3 Ne4 6. Qc2 f5 7. Bd2 Nxd2 8. Nxd2 Nc6 9. e3 b6 10. Bg2 Bb7 11. O-O Qf6 12. a3 Bxc3 13. Qxc3 Nd8 14. b4 Bxg2 15. Kxg2 Nf7 16. Rac1 a5 17. c5 axb4 18.
axb4 Ra2 19. Ra1 Rfa8 20. Rxa2 Rxa2 21. Ra1 Rxa1 22. Qxa1 Qd8 23. Qa7 b5 24. Nf3 c6 25.
h4 g6 26. Ne1 h6 27. f4 g5 28.
hxg5 hxg5 29. Nd3 d6 30. fxg5 dxc5 31. Qxc5 Qxg5 32. Nf4 Qd8 33. Qxc6 Qe7 34. Qxb5 Ng5 35. Qb8+ Kg7 36. Qe5+ Kg8 37. d5 Qb7 38. Nxe6 Ne4 39.
Qxf5 Qxb4 40. Qg6+ Kh8 41. Qg7# 1-0

[Event "*** Titled Tuesday Blitz"]
[Site "Chess.com"]
[Date "2021.04.06"]
[Round "6"]
[White "Flopezin"]
[Black "anon481216"]
[Result "0-1"]
[WhiteElo "2339"]
[BlackElo "2503"]
[TimeControl "180+1"]
[EndTime "11:08:40 PDT"]
[Termination "anon481216 won by resignation"]

1. c4 c5 2. Nf3 Nc6 3. d4 cxd4 4.
Nxd4 Nf6 5. Nc3 e6 6. e3 a6 7. Be2 Be7 8. O-O O-O 9. b3 d5 10. cxd5 exd5 11. Bb2 Re8 12. Bf3 Bf8 13. Rc1 Ne4 14.
Nxc6 bxc6 15. Nxe4 dxe4 16. Qxd8 Rxd8 17. Bxe4 Rd2 18. Rc2 Rxc2 19. Bxc2 Be6 20. Rd1 a5 21. Be4 Rc8 22. Rc1 c5 23. Bc3 Rc7 24. g3 f6 25. Rc2 Ra7 26. Bc6 Kf7 27. Bb2 Rc7 28.
Bf3 c4 29. bxc4 Rxc4 30. Rxc4 Bxc4 31. a4 Bb3 32. Bc6 Bb4 33. Kf1 Ke6 34. Ke2 Bc2 35. f3 h6 36. e4 Kd6 37. Bb5 Ke6 38. Ke3 Bc5+ 39. Bd4 Bb4 40. Bb6 Bb3 41. Kd4 Kd6 42. Bc4 Bxa4 43. f4 Bc6 44. e5+ fxe5+ 45. fxe5+ Ke7 46.
Bc5+ Bxc5+ 47. Kxc5 Bd7 48. Kd4 Be6 49. Bb5 Bb3 50.
Kc3 a4 51. Kb4 Ke6 52. Bxa4 Bxa4 53. Kxa4 Kxe5 54. Kb5 Ke4 55. Kc5 Kf3 56. Kd5 Kg2 57. Ke5 Kxh2 58. g4 Kg3 59. Kf5 Kh4 60. Kf4 g5+ 61. Kf3 Kh3 0-1

[Event "*** Titled Tuesday Blitz"]
[Site "Chess.com"]
[Date "2021.04.06"]
[Round "6"]
[White "atwalcb"]
[Black "NoGuru"]
[Result "0-1"]
[WhiteElo "2463"]
[BlackElo "2341"]
[TimeControl "180+1"]
[EndTime "11:08:40 PDT"]
[Termination "NoGuru won on time"]

1. d4 d5 2. c4 e6 3. Nc3 Nf6 4.
cxd5 exd5 5. Bg5 c6 6. Qc2 Be7 7. e3 Nbd7 8. Bd3 Nh5 9. Bxe7 Qxe7 10. Nge2 Nb6 11. h3 g6 12. g4 Ng7 13. Ng3 Ne6 14. O-O-O Bd7 15. Rhe1 O-O-O 16. Kb1 Kb8 17. f4 Qh4 18.
Qg2 Rhe8 19. Nce2 Ng7 20. Ng1 Qe7 21. Nf3 f6 22. g5 fxg5 23. fxg5 Rf8 24. e4 Qb4 25. a3 Qa5 26. Ne5 dxe4 27. Nxe4 Bf5 28. Qg3 Ka8 29. Nc5 Rxd4 30. Rc1 Rfd8 31. Qe3 Na4 32. Nb3 Qd5 33. Nxd4 Qxd4 34. Rc3 Nxc3+ 35.
bxc3 Qxc3 36. Bxf5 Qxe3 37. Rxe3 Nxf5 38. Rb3 Nd4 39.
Rd3 c5 40. Nc4 b6 41. Re3 Rd7 42. Re8+ Kb7 43. Ne5 Rc7 44. Rh8 Nc6 45. Nc4 b5 0-1

[Event "*** Titled Tuesday Blitz"]
[Site "Chess.com"]
[Date "2021.04.06"]
[Round "6"]
[White "ShahMatKanal"]
[Black "Omk124"]
[Result "0-1"]
[WhiteElo "2454"]
[BlackElo "2591"]
[TimeControl "180+1"]
[EndTime "11:08:42 PDT"]
[Termination "Omk124 won on time"]

1. e4 g6 2. Nc3 Bg7 3. g3 c5 4. Bg2 Nc6 5. Nge2 d6 6. d3 Nf6 7. O-O O-O 8. Bg5 h6 9. Be3 Ng4 10. Bf4 Nd4 11. h3 Nf6 12. Qd2 Bxh3 13. Bxh6 Qd7 14.
Bxg7 Kxg7 15. Nf4 Bxg2 16. Kxg2 Rh8 17. Rh1 Qg4 18. Qd1 Qxd1 19. Raxd1 Nxc2 20. Ncd5 Nxd5 21. Nxd5 e6 22. Nc7 Rxh1 23. Rxh1 Rd8 24. Nb5 a6 25.
Nc3 b5 26. Rc1 Nd4 27. f4 Rh8 28. Re1 a5 29. Nd1 Nc2 30. Re2 Nb4 31. Nc3 Rb8 32. Rd2 Nc6 33. Ne2 d5 34. exd5 exd5 35. Rc2 c4 36.
dxc4 bxc4 37. Kf1 Nb4 38. Rd2 Nxa2 39. Rxd5 Rxb2 40. Rxa5 c3 41. Rxa2 Rxa2 42. Nxc3 Rc2 43. Ne2 f5 44. Kf2 Kf6 45. Kf3 Rc4 46. Ke3 Ra4 47. Nd4 Ra3+ 48. Kf2 Rd3 49. Nf3 Rd5 50. Ke3 Ra5 51. Kf2 Ke6 52. Nd4+ Kd5 53. Nf3 Ra2+ 54.
Ke3 Ra3+ 55. Kf2 Ke4 56. Ne5 Ra2+ 57. Kg1 g5 58. Nf7 gxf4 59. gxf4 Kxf4 60. Nd6 Kg3 61.
Nxf5+ Kf4 62. Nh4 Kg4 63. Ng2 Kg3 64. Ne1 Rf2 65. Nd3 Re2 0-1

[Event "*** Titled Tuesday Blitz"]
[Site "Chess.com"]
[Date "2021.04.06"]
[Round "6"]
[White "tteshan"]
[Black "MerryPoppies"]
[Result "1-0"]
[WhiteElo "2313"]
[BlackElo "2144"]
[TimeControl "180+1"]
[EndTime "11:08:42 PDT"]
[Termination "tteshan won on time"]

1. e4 e5 2. Nf3 Nc6 3. Bb5 a6 4. Ba4 Nf6 5. O-O b5 6. Bb3 Be7 7. Re1 O-O 8. c3 d5 9. exd5 Nxd5 10. Nxe5 Nxe5 11. Rxe5 c6 12. d4 Bd6 13. Re1 Qh4 14.
g3 Qh3 15. Be3 f5 16. Bxd5+ cxd5 17. f4 g5 18. Qf3 Bb7 19. Nd2 Rae8 20. a4 g4 21. Qg2 Qxg2+ 22. Kxg2 b4 23. Bf2 Bc6 24. Nb3 Rxe1 25. Bxe1 bxc3 26. Bxc3 Rb8 27. Nc1 Bd7 28. Nd3 Kg7 29. a5 Bb5 30. Ne5 Bxe5 31. dxe5 Kf7 32.
Rd1 Ke6 33. h3 h5 34. hxg4 hxg4 35. Rh1 Bc4 36. Rh6+ Ke7 37. Rf6 Bd3 38. e6 Rc8 39.
Rg6 d4 40. Bb4+ Kd8 41. Rg8+ Kc7 42. Bd6+ Kb7 43. Rg7+ Kc6 44. Ba3 1-0

[Event "*** Titled Tuesday Blitz"]
[Site "Chess.com"]
[Date "2021.04.06"]
[Round "6"]
[White "SilviusTiberius"]
[Black "gmgamil"]
[Result "1-0"]
[WhiteElo "2628"]
[BlackElo "2802"]
[TimeControl "180+1"]
[EndTime "11:08:43 PDT"]
[Termination "SilviusTiberius won by checkmate"]

1. e4 e5 2. Nf3 d6 3. d4 Qe7 4. Nc3 c6 5. Bc4 h6 6. O-O Nf6 7. Re1 Bg4 8. dxe5 dxe5 9. h3 Bh5 10.
g4 Bg6 11. Nh4 Bh7 12. Nf5 Qc7 13. Qf3 Nbd7 14. a4 a5 15. h4 Bg8 16. g5 hxg5 17.
Bxg5 O-O-O 18. Rad1 Re8 19. Re2 Nh7 20. Be3 Nb6 21.
Bb3 f6 22. Red2 Bxb3 23. cxb3 g6 24. Nd6+ Bxd6 25. Rxd6 Kb8 26. Nb5 cxb5 27. Bxb6 Qc2 28. axb5 Rc8 29. Bxa5 f5 30. exf5 gxf5 31. Qe3 Rhg8+ 32.
Kf1 Rce8 33. Bb6 Nf6 34. Ba7+ Ka8 35. Ra1 Ng4 36. Bb8+ Kxb8 37. Qa7+ Kc7 38. Rc6+ Kd8 39. Rxc2 Ke7 40. Rd1 Kf6 41. Rc7 Nh2+ 42. Ke2 f4 43. Rd6+ Kf5 44. Qxb7 f3+ 45. Ke3 Ng4+ 46. Kd3 e4+ 47.
Kc4 Ne5+ 48. Kd4 e3 49. Rc5 e2 50. Qxf3# 1-0

[Event "*** Titled Tuesday Blitz"]
[Site "Chess.com"]
[Date "2021.04.06"]
[Round "6"]
[White "Manukyan_Artak"]
[Black "bylavochka"]
[Result "0-1"]
[WhiteElo "2429"]
[BlackElo "2236"]
[TimeControl "180+1"]
[EndTime "11:08:44 PDT"]
[Termination "bylavochka won on time"]

1. e4 c5 2. Nf3 d6 3. Bb5+ Bd7 4. Bxd7+ Qxd7 5. c4 Nc6 6. Nc3 e5 7. d3 Nge7 8. O-O g6 9. Nd5 Nxd5 10. cxd5 Nd4 11. Nxd4 cxd4 12. f4 Bg7 13. f5 f6 14. Qg4 O-O-O 15. Qg3 g5 16. Bd2 h5 17. Qe1 Kb8 18.
a4 g4 19. b4 Rc8 20. b5 h4 21. Rc1 Bh6 22. Rxc8+ Qxc8 23. Bxh6 Rxh6 24. Qd2 Rh7 25. Qb4 Rd7 26. Rb1 Qc2 27. b6 a6 28. Qb3 Qd2 29.
Qd1 Qe3+ 30. Kh1 g3 31. h3 Rd8 32. Rc1 Qf2 33. Rc2 Qe3 34. Re2 Qf4 35. Rc2 Qe3 36. Rc7 Rc8 37. Rxc8+ Kxc8 38. Qc2+ Kd8 39. Qc7+ Ke8 40.
Qc8+ Kf7 41. Qxb7+ Kg8 42. Qc8+ Kg7 0-1

[Event "*** Titled Tuesday Blitz"]
[Site "Chess.com"]
[Date "2021.04.06"]
[Round "6"]
[White "lagedema"]
[Black "Treacherous_horse64"]
[Result "0-1"]
[WhiteElo "2584"]
[BlackElo "2429"]
[TimeControl "180+1"]
[EndTime "11:08:45 PDT"]
[Termination "Treacherous_horse64 won on time"]

1. d4 d5 2. c4 e6 3. Nc3 Nf6 4. Nf3 Be7 5. Bf4 O-O 6. e3 a6 7.
c5 Nc6 8. a3 Ne4 9. Nxe4 dxe4 10. Nd2 f5 11. h4 e5 12. dxe5 Bxc5 13. Qc2 Qe7 14. Bc4+ Kh8 15. Qc3 Bb6 16. Bd5 Be6 17. Bxc6 bxc6 18. Qxc6 Rad8 19. Bg5 Qd7 20. Qc3 Rde8 21.
O-O h6 22. Bf4 Qe7 23. Bg3 Rd8 24. Nc4 Rd3 25. Qc1 Rfd8 26. b4 Ba7 27. Na5 Qd7 28. Nc6 Ra8 29. Nxa7 Rxa7 30. Qc5 Ra8 31. Rfc1 Rc8 32.
Qc6 Rd8 33. Qxa6 Bd5 34. Qg6 c6 35. e6 Bxe6 36. Be5 Kg8 37. Rxc6 Rd5 38. Rxe6 Qf7 39.
Bd4 Qd7 40. Rc1 f4 41. Qxe4 fxe3 42. fxe3 Rh5 43. Rcc6 Qf7 44. Rcd6 Rf8 0-1

[Event "*** Titled Tuesday Blitz"]
[Site "Chess.com"]
[Date "2021.04.06"]
[Round "6"]
[White "731291"]
[Black "Sanan_Sjugirov"]
[Result "0-1"]
[WhiteElo "2673"]
[BlackElo "2868"]
[TimeControl "180+1"]
[EndTime "11:08:46 PDT"]
[Termination "Sanan_Sjugirov won on time"]

1. e4 c5 2. Nc3 Nc6 3. Nf3 g6 4. h4 Nf6 5. Bc4 d6 6. h5 gxh5 7. d4 Bg4 8. dxc5 dxc5 9. Qxd8+ Rxd8 10. Bg5 Bg7 11. e5 Nd7 12. e6 fxe6 13. O-O-O Nd4 14.
Nxd4 cxd4 15. f3 dxc3 16. fxg4 cxb2+ 17. Kb1 hxg4 18. Bxe6 Nc5 19. Rxd8+ Kxd8 20. Rd1+ Kc7 21. Bf4+ Kc6 22. Bd5+ Kb5 23. c4+ Ka6 24. Kc2 e6 25. Bxe6 Nxe6 26. Rd6+ b6 27. Rxe6 Rd8 28. Bd6 Rd7 29. g3 h5 30. c5 Kb7 31. Be5 Rd2+ 32. Kb1 Bxe5 33. Rxe5 Rh2 34. cxb6 axb6 35. Rg5 Kc6 36. a4 Kb7 37. Ka2 Ka6 38. Rb5 Rh3 39. Kxb2 Rxg3 40. Rxh5 Rf3 41. Rg5 g3 0-1

[Event "*** Titled Tuesday Blitz"]
[Site "Chess.com"]
[Date "2021.04.06"]
[Round "6"]
[White "campomania3"]
[Black "Shankovskyi"]
[Result "0-1"]
[WhiteElo "2228"]
[BlackElo "2459"]
[TimeControl "180+1"]
[EndTime "11:08:46 PDT"]
[Termination "Shankovskyi won on time"]

1. d4 e6 2. c4 d5 3. Nc3 Nf6 4.
cxd5 exd5 5. Bg5 Be7 6. Qc2 O-O 7. e3 Nc6 8. a3 h6 9. Bh4 Be6 10. Bd3 Nh5 11. Bxe7 Qxe7 12. Nf3 Nf6 13. O-O Bg4 14. Nd2 a6 15. Na4 Qd6 16. Rac1 Rab8 17. Nc5 Nd7 18. b4 Nxc5 19. Qxc5 Qe6 20. Bxa6 Nxb4 21. Bb5 Na6 22. Bxa6 Qxa6 23. Qxc7 Rbc8 24. Qg3 Rxc1 25. Rxc1 Qxa3 26. Rf1 Be2 27. Re1 Qd3 28. Nf3 Bxf3 29. Qxf3 Qe4 30. Qg3 b5 31. Qc7 b4 32. Qb7 b3 33.
Qxb3 Re8 34. h3 Re6 35. Qb1 Qh4 36. Qd3 Rg6 37. Kh2 Qe7 38. Rc1 Qd6+ 39. g3 Qf6 40. Kg2 Qe6 41. Rc5 Rf6 42. h4 Qg4 43. Qc2 Qf3+ 44.
Kg1 Qg4 0-1

[Event "*** Titled Tuesday Blitz"]
[Site "Chess.com"]
[Date "2021.04.06"]
[Round "6"]
[White "GadimbayliA"]
[Black "federicosellitti"]
[Result "1-0"]
[WhiteElo "2797"]
[BlackElo "2585"]
[TimeControl "180+1"]
[EndTime "11:08:47 PDT"]
[Termination "GadimbayliA won on time"]

1. e4 c5 2. Nf3 Nf6 3. e5 Nd5 4. Nc3 Nxc3 5. dxc3 Nc6 6. Bf4 e6 7. Qd2 Qc7 8. O-O-O h6 9. h4 b6 10. Qe3 Bb7 11. Nd2 Ne7 12. Bh2 O-O-O 13. Nc4 Nf5 14. Qh3 g5 15. hxg5 Bg7 16. g6 fxg6 17. Bd3 Kb8 18.
g4 Ne7 19. Rhe1 h5 20. Bg1 hxg4 21. Qxg4 Nf5 22. Kb1 Nh4 23. Be4 Bxe4 24. Rxe4 Nf5 25.
Nd6 Nxd6 26. exd6 Qc6 27. f3 Rdg8 28. Be3 Bf6 29. Qg3 Rh5 30. a3 Rd5 31. Rxd5 Qxd5 32. Rg4 Qf5 33. Rf4 Qe5 34. Qg4 g5 35. Re4 Qf5 36.
Qg1 Qg6 37. Rg4 Qf5 38. f4 e5 39. fxg5 Bg7 40. g6 Qe6 41. Qd1 Rf8 42. Rg1 Rf6 43. Bg5 Rxg6 44. Be7 Rxg1 45. Qxg1 Bf6 46. Qg6 Bxe7 47. Qxe6 1-0

[Event "*** Titled Tuesday Blitz"]
[Site "Chess.com"]
[Date "2021.04.06"]
[Round "6"]
[White "Sadykov_Ramil"]
[Black "nochewycandy"]
[Result "0-1"]
[WhiteElo "2497"]
[BlackElo "2617"]
[TimeControl "180+1"]
[EndTime "11:08:47 PDT"]
[Termination "nochewycandy won by resignation"]

1. e4 g6 2. d4 Bg7 3. Nc3 d6 4. Be3 a6 5. Qd2 b5 6. f3 Nd7 7. h4 h5 8. Nh3 c6 9. Ng5 Qc7 10. a4 Bb7 11. Be2 Ngf6 12. O-O O-O 13. Nd1 e5 14. c3 d5 15. Nf2 Rad8 16. Rad1 dxe4 17. fxe4 Nb6 18. axb5 axb5 19. Qc2 exd4 20. cxd4 Nc4 21. Bc1 Qb6 22. b3 Na5 23. Be3 b4 24. Kh1 Qc7 25.
e5 Nd5 26. Bc1 Nc3 27. Rd2 Nxe2 28. Rxe2 Rxd4 29. Nf3 Rdd8 30. Bb2 Ba6 31. Ne4 Bxe2 32. Qxe2 Nb7 33. Nf6+ Bxf6 34. exf6 Qf4 35. Be5 Qf5 36.
Ng5 Qg4 37. Qf2 Rfe8 38. Bb2 Nd6 39. Nf3 Nf5 40. Rg1 Ng3+ 41. Kh2 Ne4 42. Qf1 Qf4+ 43.
g3 Qe3 44. Qg2 Nd2 45. Re1 Nxf3+ 46. Qxf3 Qxf3 47. Rxe8+ Rxe8 0-1

[Event "*** Titled Tuesday Blitz"]
[Site "Chess.com"]
[Date "2021.04.06"]
[Round "6"]
[White "SF-96"]
[Black "seorobert1971"]
[Result "0-1"]
[WhiteElo "2577"]
[BlackElo "2766"]
[TimeControl "180+1"]
[EndTime "11:08:48 PDT"]
[Termination "seorobert1971 won on time"]

1. Nf3 Nf6 2. g3 d5 3. Bg2 Bf5 4. O-O c6 5. c4 e6 6. d4 Nbd7 7. Qb3 Qb6 8. c5 Qxb3 9. axb3 a6 10. Bf4 Rc8 11. b4 h6 12. h4 Be7 13. Nbd2 Ne4 14. Nb3 g5 15. hxg5 hxg5 16. Be3 f6 17. Na5 Rb8 18. Nd2 Nxd2 19. Bxd2 Kf7 20. Rfe1 Rh7 21.
f3 e5 22. g4 Be6 23. e3 f5 24. gxf5 Bxf5 25. Kf2 g4 26. Rh1 Rbh8 27. Rxh7+ Rxh7 28. Rh1 Bh4+ 29. Ke2 gxf3+ 30. Bxf3 e4 31. Bg2 Bg4+ 32.
Kf1 Kg6 33. Rxh4 Rxh4 34. Nxb7 Nf6 35. Be1 Rh7 36. Nd8 Bf3 37. Nxc6 Ng4 38. Ne5+ Nxe5 39.
dxe5 Kf5 40. Bg3 Bxg2+ 41. Kxg2 Rb7 42. Be1 Kxe5 43. Bc3+ Kf5 44. Kf2 Kg4 45. Kg2 Rf7 46. Be5 Kf5 47. Bd6 Ke6 48. Bf4 Kd7 49. Kf2 Kc6 50.
Ke2 Kb5 51. Bd6 Rf6 0-1

[Event "*** Titled Tuesday Blitz"]
[Site "Chess.com"]
[Date "2021.04.06"]
[Round "6"]
[White "andrewtnb"]
[Black "Chernobay_Artem"]
[Result "1-0"]
[WhiteElo "2371"]
[BlackElo "2573"]
[TimeControl "180+1"]
[EndTime "11:08:48 PDT"]
[Termination "andrewtnb won by resignation"]

1. d4 Nf6 2. c4 g6 3. Nc3 Bg7 4.
e4 O-O 5. Nf3 d6 6. Be2 e5 7. O-O Nc6 8. d5 Ne7 9. Nh4 Nd7 10. g3 f5 11. exf5 gxf5 12. f4 exf4 13. Bxf4 Ng6 14. Nxg6 hxg6 15. Qd2 Qf6 16. Rad1 Nc5 17.
Bf3 Bd7 18. Rfe1 Rae8 19. Bg5 Qd4+ 20. Be3 Qxd2 21. Rxd2 Rxe3 22. Rxe3 Bh6 23. Rde2 Bxe3+ 24. Rxe3 Kf7 25. Ne2 a5 26. h4 Kf6 27. Nf4 Re8 28. Kf2 Na4 29. b3 Rxe3 30. Kxe3 Nc3 31. a4 Na2 32. Nd3 b6 33. Kf4 Nc3 34. Ke3 Nb1 35. Nf4 Nc3 36. Kd4 Na2 37. Nd3 g5 38. hxg5+ Kxg5 39. Be2 Be8 40. Bf3 Bh5 41. Bxh5 Kxh5 42. Nf4+ Kg4 43. Ne6 Kxg3 44. Nxc7 f4 45. Ne8 f3 46.
Nxd6 Kf4 47. Ne4 Nc3 48. Kxc3 Kxe4 49. Kd2 f2 50. Ke2 Kd4 51. d6 Kc5 52. d7 1-0